 Dungeon Sprint DCSS version 0.27.1 (webtiles) character file.

Game seed: 2891768282181809979

2933 styxcanada the Imperceptible (level 9, -4/48 HPs)
             Began as a Spriggan Brigand on Aug 29, 2021.
             Was an Initiate of Gozag.
             Killed by angry trees
             ... awakened by a spriggan druid
              (11 damage)
             ... in the Dungeon (Sprint IV: "Fedhas' Mad Dash").
             The game lasted 00:07:29 (840 turns).

styxcanada the Imperceptible (Spriggan Brigand)      Turns: 840, Time: 00:07:29

Health: -4/48      AC:  3    Str:  7      XL:     9   Next: 51%
Magic:  0/13       EV: 24    Int: 12 (13) God:    Gozag
Gold:   1579       SH:  7    Dex: 19      Spells: 11/12 levels left

rFire    . . .     SeeInvis +   n - +2 dagger (venom)
rCold    . . .     Faith    .   l - +0 buckler
rNeg     . . .     Spirit   .   b - +0 robe
rPois    .         Reflect  .   (helmet restricted)
rElec    .         Harm     .   c - +0 cloak
rCorr    .         Rampage  .   (gloves unavailable)
Will     +....     NoTele   +   (boots unavailable)
Stlth    ++++++++..             j - amulet of invisibility {+Inv}
HPRegen  0.16/turn              (no ring)
MPRegen  0.13/turn              (no ring)

@: very slightly contaminated, very quick
A: very small, no large weapons, unfitting armour, see invisible, speed 3
a: Renounce Religion, Evoke Invisibility, Potion Petition, Call Merchant, Bribe
Branch


You were in the Dungeon.
You worshipped Gozag.
Gozag was most pleased with you.
You visited 1 branch You collected 1873 gold pieces.
You spent 294 gold pieces at shops.

Inventory:

Hand Weapons
 a - a +2 dagger
 n - a +2 dagger of venom (weapon)
 r - a +1 short sword of electrocution
 s - the +7 long sword of Demand {spect, *Corrode rElec rF+}
   (You found it in the Dungeon)

   When its wielder attacks, the weapon's spirit leaps out and strikes again.
   The spirit shares a part of any damage it takes with its wielder.
   rF:        It protects you from fire.
   rElec:     It insulates you from electricity.
   *Corrode:  It may corrode you when you take damage.
Missiles
 e - 2 curare-tipped darts (quivered)
Armour
 b - a +0 robe (worn)
 c - a +0 cloak (worn)
 l - a +0 buckler (worn)
 p - a scarf of shadows
 q - the +3 buckler of the Quahog {rF+ rCorr Str-3 Int+8}
   (You found it in the Dungeon)

   Str:       It affects your strength (-3).
   Int:       It affects your intelligence (+8).
   rF:        It protects you from fire.
   rCorr:     It protects you from acid and corrosion.
Jewellery
 j - the amulet of invisibility (around neck) {+Inv}
   (You found it in the Dungeon)

   [amulet of nothing]

   +Inv:      It lets you turn invisible.
Scrolls
 m - a scroll of identify
 o - 2 scrolls of summoning {unknown}
Potions
 h - a potion of haste
 i - 2 potions of magic


   Skills:
 * Level 6.2 Fighting
 + Level 5.5 Short Blades
 + Level 5.6 Throwing
 * Level 9.6 Dodging
 * Level 21.1 Stealth
 * Level 4.4 Shields
 * Level 2.4 Spellcasting
 * Level 2.7 Transmutations
 * Level 2.0 Poison Magic
 * Level 10.6 Evocations


You had 11 spell levels left.
You knew the following spells:

 Your Spells              Type           Power      Damage    Failure   Level
a - Sting                 Tmut/Pois      28%        1d4       12%         1

Your spell library contained the following spells:

 Spells                   Type           Power      Damage    Failure   Level
 Iskenderun's Mystic Bla  Conj/Tloc      1%         2d3       97%         4


Dungeon Overview and Level Annotations

Branches:
Dungeon (1/1)

Altars:
Cheibriados
Dithmenos
Elyvilon
Gozag
Hepliaklqana
Kikubaaqudgha
Makhleb
Nemelex Xobeh
Okawaru
Qazlal
Ru
Sif Muna
Trog
Uskayaw
Vehumet
Wu Jian
Xom
Yredelemnul
Zin
The Shining One
Beogh
Jiyva
Lugonu

Shops:
D *(((


Innate Abilities, Weirdness & Mutations

You are very small and have problems with some larger weapons.
You are too small for most types of armour.
You have supernaturally acute eyesight. (SInv)
You cover ground extremely quickly. (Speed+++)


Message History

You feel much better.
You feel very sick. You block the ghost moth's attack.
The ghost moth barely misses you. The ghost moth closely misses you.
The spriggan druid calls out to the beasts of the wild!
You feel better.
The queen bee is no longer distracted by gold.
The ghost moth completely misses you. The ghost moth hits you.
You feel dopey. The ghost moth barely misses you. The queen bee misses you.
The spriggan druid hits you with a +0 quarterstaff!
* * * LOW HITPOINT WARNING * * *
A moth of wrath comes into view.
Blink to where?
Press: ? - help, Dir - move target, p - spriggan druid A moth of wrath comes into view.
As you read the scroll of blinking, it crumbles to dust.
The spriggan druid casts a spell.
The spriggan druid is healed somewhat.
The moth of wrath's fur bristles in rage as it notices you.
You hit the moth of wrath.
The moth of wrath is poisoned.
The moth of wrath is lightly wounded.
The moth of wrath closely misses you.
The moth of wrath's fur bristles in rage as it notices you.
You hit the moth of wrath.
The moth of wrath looks as sick as possible!
The moth of wrath is moderately wounded.
The ghost moth stares at you.
You feel your power leaking away. You block the moth of wrath's attack.
The ghost moth stares at you. The moth of wrath closely misses you.
There is an open door here.
The ghost moth stares at you.
The spriggan druid casts a spell.
The forest starts to sway and rumble!
Things that are here:
45 gold pieces; a poisoned dart You are hit by a branch!
You die...
Your body crumbles into a pile of gold.

#################################
..P#.....#.)...#.⌠._._._._.⌠.#.['
P..'.[...'.#.(.).._._._._._..'..#
PPP#...÷.#.#...#..._._._._...#..#
#############'##.._._._._._..#.(#
..♣........'...#._._._._._.⌠.####
.....♣.....#...###############
....♣y.♣..######♣♣♣♣♣..♣!#
'####'######.y'$@((.(♣.i♣
.#....'.yyy..(#♣..♣♣♣.♣..#
.#..###...i...#.♣♣.(♣.$$♣+ $
##### ########## #######


You could see a ghost moth (invisible), a moth of wrath (extremely poisoned), a
spriggan druid (very poisoned) and a queen bee.

Vanquished Creatures
  2 oklob plants (D)
  A queen bee (D)
  3 wandering mushrooms (D)
  3 burning bushes (D)
  4 scorpions (D)
  4 killer bees (D)
  5 oklob saplings (D)
  2 spriggans (D)
  A river rat (D)
  A rat (D)
26 creatures vanquished.

Vanquished Creatures (others)
  A bush (D)
1 creature vanquished.

Grand Total: 27 creatures vanquished

Notes
Turn   | Place    | Note
-------+----------+-------------------------------------------
     0 | D        | styxcanada the Spriggan Brigand began the quest for the
                  | Orb.
     0 | D        | Reached XP level 1. HP: 10/10 MP: 2/2
     9 | D        | Reached skill level 8 in Stealth
     9 | D        | Reached XP level 2. HP: 15/15 MP: 3/3
    17 | D        | Noticed an oklob sapling
    23 | D        | Killed an oklob sapling
    24 | D        | Reached skill level 10 in Stealth
    24 | D        | Reached XP level 3. HP: 18/18 MP: 4/4
   157 | D        | Noticed a scorpion
   157 | D        | Found the amulet of invisibility {+Inv}
   159 | D        | Killed a scorpion
   160 | D        | Reached skill level 12 in Stealth
   160 | D        | Reached XP level 4. HP: 23/23 MP: 5/5
   184 | D        | Found an opulent altar of Gozag.
   184 | D        | Found a hazy altar of Hepliaklqana.
   184 | D        | Found a burning altar of Makhleb.
   184 | D        | Found a sparkling altar of Nemelex Xobeh.
   184 | D        | Found a sacrificial altar of Ru.
   184 | D        | Found a shimmering blue altar of Sif Muna.
   184 | D        | Found an ornate altar of the Wu Jian Council.
   184 | D        | Found a shimmering altar of Xom.
   184 | D        | Found a basalt altar of Yredelemnul.
   185 | D        | Found a viscous altar of Jiyva.
   185 | D        | Found a snail-covered altar of Cheibriados.
   185 | D        | Found a bloodstained altar of Trog.
   186 | D        | Found an iron altar of Okawaru.
   186 | D        | Found a shadowy altar of Dithmenos.
   186 | D        | Found a glowing silver altar of Zin.
   187 | D        | Found an ancient bone altar of Kikubaaqudgha.
   187 | D        | Found a hide-covered altar of Uskayaw.
   188 | D        | Found a stormy altar of Qazlal.
   188 | D        | Found a white marble altar of Elyvilon.
   188 | D        | Found a glowing golden altar of the Shining One.
   189 | D        | Became a worshipper of Gozag Ym Sagoz the Greedy
   190 | D        | Found a corrupted altar of Lugonu.
   190 | D        | Found a radiant altar of Vehumet.
   195 | D        | Reached skill level 13 in Stealth
   195 | D        | Reached XP level 5. HP: 28/28 MP: 3/6
   235 | D        | Reached skill level 5 in Dodging
   235 | D        | Reached skill level 14 in Stealth
   235 | D        | Reached skill level 1 in Evocations
   309 | D        | Reached skill level 15 in Stealth
   309 | D        | Reached XP level 6. HP: 33/33 MP: 7/7
   350 | D        | Found Ijaukimo's Weapon Shop.
   350 | D        | Found Bofaatu's General Store.
   356 | D        | Bought a scroll of identify for 24 gold pieces
   357 | D        | Bought a +2 dagger of venom for 144 gold pieces
   408 | D        | Noticed a burning bush
   408 | D        | Noticed a wandering mushroom
   409 | D        | Noticed a wandering mushroom
   412 | D        | Killed a burning bush
   413 | D        | Reached skill level 16 in Stealth
   413 | D        | Reached skill level 1 in Shields
   413 | D        | Killed a wandering mushroom
   414 | D        | Reached skill level 17 in Stealth
   414 | D        | Reached skill level 5 in Evocations
   414 | D        | Reached XP level 7. HP: 38/38 MP: 5/8
   414 | D        | Killed a wandering mushroom
   415 | D        | Reached skill level 18 in Stealth
   417 | D        | Reached skill level 5 in Fighting
   417 | D        | Reached XP level 8. HP: 43/43 MP: 5/9
   431 | D        | Found Gybankan's Weapon Emporium.
   431 | D        | Found Alufiar's Antique Weapon Shoppe.
   434 | D        | Identified the +3 buckler of the Quahog {rF+ rCorr Str-3
                  | Int+8}
   437 | D        | Bought a glowing short sword for 126 gold pieces
   503 | D        | Noticed a queen bee
   510 | D        | Killed a queen bee
   511 | D        | Reached skill level 19 in Stealth
   513 | D        | Reached skill level 5 in Throwing
   580 | D        | Noticed an oklob plant
   582 | D        | Identified the +7 long sword of Demand {spect, *Corrode
                  | rElec rF+}
   583 | D        | Killed an oklob plant
   584 | D        | Reached skill level 5 in Short Blades
   584 | D        | Reached skill level 20 in Stealth
   662 | D        | Noticed a burning bush
   665 | D        | Killed a burning bush
   666 | D        | Reached XP level 9. HP: 48/48 MP: 7/10
   669 | D        | Got Ruedez's Catalogue of Cankerous Conjuration
   680 | D        | Learned a level 1 spell: Sting
   729 | D        | Noticed a burning bush
   729 | D        | Noticed an oklob plant
   730 | D        | Noticed a wandering mushroom
   731 | D        | Killed a burning bush
   732 | D        | Reached skill level 1 in Spellcasting
   732 | D        | Reached skill level 1 in Transmutations
   736 | D        | Killed an oklob plant
   737 | D        | Reached skill level 1 in Poison Magic
   737 | D        | Reached skill level 10 in Evocations
   740 | D        | Killed a wandering mushroom
   741 | D        | Reached skill level 21 in Stealth
   797 | D        | Noticed a spriggan druid
   824 | D        | Noticed a queen bee
   831 | D        | Noticed a ghost moth
   834 | D        | Noticed a moth of wrath
   835 | D        | Noticed a moth of wrath
   840 | D        | Killed from afar by a spriggan druid

Illustrated notes

Levels and vault maps discovered:
D:        dungeon_sprint_fedhas [sprint_temple]

Skill      XL: |  1  2  3  4  5  6  7  8  9 |
---------------+----------------------------+-----
Dodging        | 2 3 4 5 7 9 |  9.6
Stealth        | 8 10 12 13 15 17 18 20 21 | 21.1
Fighting       | 2 3 4 5 6 |  6.2
Short Blades   | 3 4 5 |  5.5
Throwing       | 3 4 5 |  5.6
Evocations     | 2 5 6 9 10 | 10.6
Shields        | 2 3 4 |  4.4
Spellcasting   | 2 |  2.4
Transmutations | 2 |  2.7
Poison Magic   | 2 |  2.0

Action                   |  1- 3 |  4- 6 |  7- 9 || total
-------------------------+-------+-------+-------++-------
Melee: Dagger            |    11 |     6 |    27 ||    44
Throw: Dart              |       |    11 |     7 ||    18
 Abil: Evoke Invisibilit |       |     4 |     5 ||     9
  Use: Potion            |     1 |       |     2 ||     3
       Scroll            |       |       |     1 ||     1
 Stab: Sleeping          |     2 |     4 |    14 ||    20
       Distracted        |       |       |     1 ||     1
Armor: Robe              |     1 |     1 |       ||     2
Dodge: Dodged            |     4 |     7 |    17 ||    28
Block: Buckler           |       |       |     6 ||     6
